 Dungeon Crawl Stone Soup version 0.20-a0-492-g6327889 (webtiles) character file.

14 M4edhros the Sneak (level 2, 0/18 HPs)
             Began as an Octopode Artificer on Jan 16, 2017.
             Slain by an adder (5 damage)
             ... on level 3 of the Dungeon.
             The game lasted 00:00:27 (593 turns).

M4edhros the Sneak (Octopode Artificer)              Turns: 593, Time: 00:00:27

Health: 0/18       AC:  1    Str: 16    XL:     2   Next: 41%
Magic:  4/4        EV: 13    Int: 18    God:
Gold:   22         SH:  0    Dex: 12    Spells: 1/1 levels left

rFire    . . .     SeeInvis .   a - +0 short sword
rCold    . . .     Gourm    .   (no shield)
rNeg     . . .     Faith    .   (helmet restricted)
rPois    .         Spirit   .   (no amulet)
rElec    .         Reflect  .   (no ring)
rCorr    .         Harm     .   (no ring)
MR       .....                  (no ring)
Stlth    +++.......             (no ring)
Regen    0.0/turn               (no ring)
                                (no ring)
                                (no ring)
                                (no ring)

@: mighty, brilliant, lethally poisoned (0 -> -4)
A: almost no armour, stealthy swim, amphibious, 8 rings, constrict 8, camouflage
1, gelatinous body 1
a: no special abilities


You were on level 3 of the Dungeon.
You were not hungry.

You visited 1 branch of the dungeon, and saw 3 of its levels.

You collected 22 gold pieces.

Inventory:

Hand Weapons
 a - a +0 short sword (weapon)
Wands
 b - a wand of flame (12/48)
 c - a wand of enslavement (14/24)
 d - a wand of random effects (14/48)
Scrolls
 g - a scroll of amnesia {unknown}
Potions
 i - a potion of haste {unknown}
Comestibles
 f - a bread ration


   Skills:
 - Level 1.0 Fighting
 - Level 1.0 Short Blades
 - Level 2.0 Dodging
 + Level 3.4 Stealth
 - Level 3.2 Evocations


You had one spell level left.
You didn't know any spells.

Dungeon Overview and Level Annotations

Branches:
Dungeon (3/15)

Altars:


Innate Abilities, Weirdness & Mutations

You cannot wear most types of armour.
You are very stealthy in the water. (Stealth+)
You are amphibious.
You can wear up to eight rings at the same time.
You can use your tentacles to constrict eight enemies at once.
Your skin changes colour to match your surroundings (Stealth+).
Your rubbery body absorbs attacks. (AC +1, EV +1)


Message History

You are poisoned.
The adder poisons you!
You are too injured to fight recklessly!
It was a potion of brilliance.
You feel clever all of a sudden.
You feel sick. The adder barely misses you. The rat barely misses you.
It was a potion of might.
You feel very mighty all of a sudden. The adder closely misses you.
The rat bites you but does no damage. The adder bites you.
You puncture the adder! Your grab misses the adder.
The adder is severely wounded.
You feel sick. The rat bites you.
* * * LOW HITPOINT WARNING * * *
The adder closely misses you.
Unknown command.
You closely miss the adder. You grab the adder. Your squeeze misses the adder.
The adder is severely wounded.
You constrict the adder. The adder bites you.
You die...

.............#
.............#
.............#
.............#
.............#
.............#
......r......#
......S@.....#
##########.###
#.# #.# #.# #.#
##
#.############.
#..............
##############.


You could see an adder and a rat.

Vanquished Creatures
  2 worms
  2 hobgoblins (D:1)
  A kobold (D:1)
  A quokka (D:2)
  A bat (D:1)
  A frilled lizard (D:1)
8 creatures vanquished.

Vanquished Creatures (others)
  A leopard gecko (D:2)
1 creature vanquished.

Grand Total: 9 creatures vanquished

Notes
Turn   | Place    | Note
-------+----------+-------------------------------------------
     0 | D:1      | M4edhros the Octopode Artificer began the quest for the Orb.
     0 | D:1      | Reached XP level 1. HP: 13/13 MP: 3/3
   304 | D:2      | Reached XP level 2. HP: 7/18 MP: 4/4
   593 | D:3      | Slain by an adder

Vault maps used:
D:1:      dpeg_arrival_simpleton_c, serial_forest, infiniplex_forest_straight_2,
          infiniplex_forest_clump_tiny, infiniplex_forest_corner_1,
          infiniplex_forest_lined_corner, infiniplex_forest_clump_curved,
          infiniplex_forest_clump_large, infiniplex_forest_straight_2,
          infiniplex_forest_zigzag_2
D:2:      kennysheep_big_flooded_room, dancing_weapons_uskayaw
D:3:      led_sif_book, lemuel_tele_altar

Skill      XL: |  1  2 |
---------------+-------+-----
Stealth        | 2 3 |  3.4
Fighting       | |  1.0
Short Blades   | |  1.0
Dodging        | |  2.0
Evocations     | |  3.2

Action                   || total
-------------------------++-------
Melee: Short sword       ||    20
       Constrict         ||     5
       Tentacles         ||     3
Evoke: Wand              ||     5
  Use: Potion            ||     2
 Stab: Sleeping          ||     1
Armor: Skin              ||     1
Dodge: Dodged            ||    18
